 Dungeon Crawl Stone Soup version 0.30.1-9-gdf580d7c3d (webtiles) character file.

Game seed: 8658231639402575164

2496 Feggol the Blocker (level 9, 0/78 HPs)
             Began as a Minotaur Fighter on Oct 7, 2023.
             Slain by an ogre
             ... wielding a +0 giant club
              (26 damage)
             ... on level 7 of the Dungeon on Oct 8, 2023.
             The game lasted 00:48:55 (7899 turns).

Feggol the Blocker (Minotaur Fighter)               Turns: 7899, Time: 00:48:55

Health: 0/78       AC: 14    Str: 25    XL:     9   Next: 28%
Magic:  9/9        EV: 10    Int:  5    God:
Gold:   295        SH:  5    Dex: 10    Spells: 6/9 levels left

rFire   . . .        a - +1 trident
rCold   . . .        c - +0 buckler
rNeg    . . .        p - +1 chain mail
rPois   .            (helmet restricted)
rElec   .            (no cloak)
rCorr   +            v - +0 pair of gloves
SInv    .            w - +0 pair of boots
Will    .....        (no amulet) Stlth
                     u - ring of resist corrosion
HPRegen 0.33/turn    (no ring)
MPRegen 0.11/turn

%: no passive effects
@: hasted, very quick
A: horns 2, retaliatory headbutt
a: no special abilities


You were on level 7 of the Dungeon.
You visited 1 branch of the dungeon, and saw 8 of its levels.

You collected 295 gold pieces.

Inventory:

Hand Weapons
 a - a +1 trident (weapon)
Missiles
 r - 8 poisoned darts
Armour
 b - a +0 scale mail
 c - a +0 buckler (worn)
 p - a +1 chain mail (worn)
 v - a +0 pair of gloves (worn)
 w - a +0 pair of boots (worn)
Jewellery
 j - an amulet of faith
 k - a +6 ring of intelligence
 u - a ring of resist corrosion (left hand)
Wands
 x - a wand of flame (15) (quivered)
Scrolls
 h - 2 scrolls of immolation
 l - 2 scrolls of fear
 m - 3 scrolls of noise
 q - a scroll of teleportation
 s - 2 scrolls of poison
 t - 3 scrolls of fog
 y - a scroll of identify
Potions
 d - 3 potions of might
 e - 2 potions of curing
 f - a potion of attraction
 g - a potion of flight {unknown}
 i - a potion of berserk rage {unknown}
 n - 2 potions of brilliance {unknown}
 o - a potion of haste


   Skills:
 * Level 6.9 Fighting
 * Level 8.0 Polearms
 * Level 6.9 Armour
 + Level 4.7 Dodging
 * Level 8.6 Shields
 + Level 0.9 Spellcasting
 + Level 1.1 Conjurations


You had 6 spell levels left.
You knew the following spells:

 Your Spells              Type           Power      Damage    Failure   Level
a - Mephitic Cloud        Conj/Pois/Air  0%         N/A       100%        3

Your spell library contained the following spells:

 Spells                   Type           Power      Damage    Failure   Level
 Magic Dart               Conj           4%         1d3       86%         1
 Call Imp                 Summ           0%         N/A       99%         2
 Ignite Poison            Fire/Tmut/Pois 0%         N/A       100%        3
 Portal Projectile        Hex/Tloc       0%         N/A       100%        3
 Tukima's Dance           Hex            0%         N/A       100%        3
 Sticky Flame             Conj/Fire      0%         2d3       100%        4
 Blade Hands              Tmut           0%         N/A       100%        5
 Ignition                 Fire           0%         3d3       100%        8


Dungeon Overview and Level Annotations

Branches:
Dungeon (8/15)             Temple (0/1) D:4
   Lair: D:8-11

Altars:
Ashenzari
Dithmenos
Hepliaklqana
Makhleb
Qazlal
Ru
Trog
Zin
The Shining One

Shops:
D:1 [   D:4 (

Annotations:
D:7 1 transporter, exclusion: oklob plant, BillyBaka's ghost, novice MiFi


Innate Abilities, Weirdness & Mutations

You have a pair of horns on your head.
You reflexively headbutt those who attack you in melee.


Message History

Items here: ( )) ††.
Things that are here:
a +0 sling; a kobold corpse A white imp comes into view.
The white imp shouts, "Bolt, thou feeble weather-bitten maggot-pie!"
A white imp is nearby!
The white imp hits you but does no damage.
You hit the white imp.
The white imp is moderately wounded.
The white imp completely misses you.
An orc comes into view. It is wielding a +0 club.
The orc shouts!
You puncture the white imp!
You kill the white imp!
An ogre comes into view. It is wielding a +0 giant club.
The ogre shouts!
There is an open door here.
You block the orc's attack.
You barely miss the orc. Your headbutt misses the orc.
The orc closely misses you.
You barely miss the orc. Your headbutt misses the orc.
The ogre closely misses you. You block the orc's attack.
You hit the orc but do no damage. You block the orc's attack.
You puncture the orc!
You kill the orc!
The ogre hits you with a +0 giant club!!
The ogre hits you with a +0 giant club!
Things that are here:
a +0 club; an orc corpse You hit the ogre.
You headbutt the ogre.
The ogre is lightly wounded.
The ogre barely misses you.
You closely miss the ogre.
The ogre is lightly wounded.
The ogre hits you with a +0 giant club!!
* * * LOW HITPOINT WARNING * * *
You feel better.
You feel yourself speed up.
The ogre hits you with a +0 giant club!!
You die...

#....... #.......
#....... #.......
#####... ####### #...
#.....# #...
..#########.....########
.......@).'.............
..####..O.#.....#####..#
#....#.....###...##
#....#.....##..###
#....#.)...##.#####
#.#....'#'#.#.#.#.#.#
#.#.....#.#.#.#.#.#...
#.#.#.....#.# #.#.#.#..
#.#.#.#+#. #.#.#.#...


You could see an ogre.

Vanquished Creatures
  Eustachio (D:4)
  A wyvern (D:7)
  Duvessa (D:4)
  An orc warrior (D:6)
  2 ice beasts
  4 ogres
  3 sky beasts
  A kobold brigand (D:7)
  Blork the orc (D:4)
  A bullfrog (D:7)
  Dowan (D:4)
  5 wights (D:6)
  A howler monkey (D:5)
  2 orc priests
  3 hounds
  An iguana (D:4)
  2 jellies (D:5)
  2 sleepcaps (D:5)
  7 orc wizards
  Robin (D:4)
  A gnoll (D:1)
  6 adders
  A shadow imp (D:7)
  2 white imps
  2 ufetubi
  A worm (D:2)
  2 dart slugs (D:1)
  22 orcs
  4 endoplasms
  A giant cockroach (D:1)
  20 goblins
  6 hobgoblins
  2 quokkas
  6 ball pythons
  6 bats
  2 frilled lizards (D:2)
  14 kobolds
  4 rats
143 creatures vanquished.

Notes
Turn   | Place    | Note
-------+----------+-------------------------------------------
     0 | D:1      | Feggol the Minotaur Fighter began the quest for the Orb.
     0 | D:1      | Reached XP level 1. HP: 19/19 MP: 0/0
    60 | D:1      | Found Rytev's Armour Shop.
    76 | D:1      | Reached XP level 2. HP: 27/27 MP: 1/1
   221 | D:1      | Found a faded altar of an unknown god.
   294 | D:1      | Reached XP level 3. HP: 33/33 MP: 2/2
   780 | D:2      | Reached skill level 1 in Dodging
  1162 | D:2      | Reached XP level 4. HP: 40/40 MP: 3/3
  2543 | D:4      | Reached XP level 5. HP: 35/46 MP: 4/4
  2642 | D:4      | Found a staircase to the Ecumenical Temple.
  2642 | D:4      | Noticed Robin
  2653 | D:4      | Killed Robin
  2658 | D:4      | Noticed Eustachio
  2669 | D:4      | Reached skill level 5 in Shields
  2695 | D:4      | Killed Eustachio
  2696 | D:4      | Reached XP level 6. HP: 20/53 MP: 5/5
  3122 | D:4      | Learned a level 1 spell: Magic Dart
  3176 | D:4      | Reached skill level 5 in Polearms
  3176 | D:4      | Found Ytoreof's Weapon Shoppe.
  3262 | D:4      | Noticed Duvessa
  3268 | D:4      | Noticed Dowan
  3277 | D:4      | Killed Duvessa
  3278 | D:4      | Reached XP level 7. HP: 38/60 MP: 6/6
  3499 | D:4      | Reached skill level 5 in Fighting
  3499 | D:4      | Reached skill level 5 in Armour
  3513 | D:4      | Killed Dowan
  4008 | D:4      | Found a glowing silver altar of Zin.
  4008 | D:4      | Noticed an angel
  4164 | D:4      | Noticed Blork the orc
  4177 | D:4      | Killed Blork the orc
  4303 | D:5      | Entered Level 5 of the Dungeon
  4590 | D:5      | Reached XP level 8. HP: 57/69 MP: 7/7
  5164 | D:5      | Found a hazy altar of Hepliaklqana.
  5823 | D:6      | Found a glowing golden altar of the Shining One.
  5828 | D:6      | Found a sacrificial altar of Ru.
  5833 | D:6      | Found a burning altar of Makhleb.
  5833 | D:6      | Found a bloodstained altar of Trog.
  5840 | D:6      | Found a shadowy altar of Dithmenos.
  5937 | D:6      | Found a broken altar of Ashenzari.
  6223 | D:6      | Found a stormy altar of Qazlal.
  6568 | D:6      | Learned a level 3 spell: Mephitic Cloud
  7349 | D:7      | Noticed BillyBaka's ghost (novice MiFi)
  7350 | D:7      | Noticed an oklob plant
  7358 | D:7      | Noticed a manticore
  7363 | D:7      | Found a transporter.
  7373 | D:7      | Found a transporter.
  7388 | D:7      | Reached XP level 9. HP: 58/78 MP: 8/8
  7605 | D:7      | Reached skill level 1 in Conjurations
  7899 | D:7      | Slain by an ogre

Illustrated notes

Levels and vault maps discovered:
D:1:      psy_arrival_fountain, layout_loops_cross,
          hellmonk_ecumenical_altar_blasted, serial_shops, shop
D:2:      layout_basic, minmay_hedge_maze
D:3:      layout_loops_corners
D:4:      layout_basic, zin_angel, minmay_temple_entry_gardened_gates,
          serial_shops, shop, grunt_ministairs_3, uniq_blork_the_orc,
          uniq_eustachio, uniq_duvessa, uniq_robin
D:5:      layout_basic, mainiacjoe_overflow_boulevard
D:6:      layout_loops_cross, nicolae_overflow_hallway_of_the_gods,
          nicolae_ashenzari_panopticon, nicolae_qazlal_general_emergency
D:7:      layout_basic, nzn_ghost_randoct
D:8:      layout_basic

Skill      XL: |  1  2  3  4  5  6  7  8  9 |
---------------+----------------------------+-----
Polearms       | 3 4 5 6 7 8 |  8.0
Shields        | 4 5 6 7 8 |  8.6
Armour         | 4 5 6 |  6.9
Dodging        | 1 2 3 4 |  4.7
Fighting       | 4 5 6 |  6.9
Conjurations   | 1 |  1.1
Spellcasting   | |  0.9

Action                     |  1- 3 |  4- 6 |  7- 9 || total
---------------------------+-------+-------+-------++-------
  Melee: Trident           |    58 |   118 |   240 ||   416
         Headbutt          |     8 |    14 |    47 ||    69
    Use: Scroll            |     2 |     5 |     6 ||    13
         Potion            |       |       |     4 ||     4
 Armour: Scale mail        |    44 |     5 |       ||    49
         Chain mail        |       |    48 |   134 ||   182
  Dodge: Dodged            |    34 |    53 |    96 ||   183
  Block: Buckler           |    10 |    32 |    58 ||   100
